Unix xNetHack Version 7.1.0 - last build Jun 10 2022 16:52:22 (33bbff3b7d1ce07880d5c4b1c5efc7e91935e5b9). Game began 2022-07-03 19:31:03, ended 2022-07-03 19:47:02. nmlkj, chaotic male human Wizard . -- -. * |. ---- . |. ... . |* .._. . |. ------ ..( . |. |......|. %.. . |. --.---..<. `-- ..--. |.....| ..... ..`....{ |....-- ...... |.... -..(.. | |... |..... |.|... o..... |.#... o o....`| |.|... ...(.- - |.-- o ... |.| ------------------#----------------.| ..(....o@.)..........`.........).*...| -------------------------------- Nmlkj the Conjurer St:8 Dx:12 Co:15 In:18 Wi:10 Ch:12 Chaotic S:1552 Dlvl:7 $:0 HP:0(42) Pw:32(54) AC:10 Xp:5/313 T:1524 Latest messages: You drop a scroll labeled GHOTI {5}. You drop a scroll labeled KIRJE {5}. You drop a scroll labeled MAPIRO MAHAMA DIROMAT {5}. You drop a blessed spellbook of force bolt {35}. You drop an uncursed spellbook of knock {35}. You drop a blessed spellbook of magic missile {40}. You drop an uncursed spellbook of slow monster {35}. You drop a brilliant blue potion {20}. You drop a bubbly potion {20}. You drop an iron ring {3}. You drop a topaz ring {3}. You drop an iron wand {7}. You drop a wand of magic missile {7}. You drop a candle {2}. You drop a pick-axe {100}. You drop a pick-axe {100}. Your movements are now unencumbered. You descend the stairs. You see here 9 rocks. There are several objects here. Uakhai of Baneu-unog casts a spell! You're too small to push that boulder. However, you can squeeze yourself into a small opening. You see here a boulder. Agrisoggor of Baneu-unog throws a crude dagger! Clonk! Agrisoggor of Baneu-unog picks up a crude dagger. The carafe crashes on your head and breaks into shards. The bubbly potion evaporates. Something seems to be holding you. You hear bubbling water. You can move again. You are hit by a copper spear! You return to human form! You hear a monster behind the boulder. Perhaps that's why you cannot move it. However, you can squeeze yourself into a small opening. You see here a boulder. In what direction? h The boulder falls apart. The spell hits Rukairuku of Baneu-unog! You hear water falling on coins. In what direction? h The spell misses Rukairuku of Baneu-unog. Zubane of Baneu-unog casts a spell! In what direction? h The spell misses Rukairuku of Baneu-unog. Rukairuku of Baneu-unog swings his curved sword. Rukairuku of Baneu-unog hits you! You die... Major events: Turn 1: nmlkj the chaotic male human Wizard entered the dungeon 607: entered the Gnomish Mines 615: attained the rank of Conjurer (level 3) 1470: reached Mine Town 1524: killed by a hill orc called Rukairuku of Baneu-unog Inventory: Not carrying anything. Nmlkj the Wizard's attributes: Background: You were a Conjurer, a level 5 male human Wizard. You were chaotic, nominally on a mission for Anhur who was opposed by Ptah (lawful) and Thoth (neutral). You were heterosexual. You were in the Gnomish Mines, on level 7. You entered the dungeon 1524 turns ago. You had 313 experience points, 7 more were needed to attain level 6. Your score was 1552 before end-of-game adjustments. Basics: You had 0 out of 42 hit points. You had 32 out of 54 energy points (spell power). Your armor class was 10. Your wallet was empty. Autopickup was on for '$"?+!=/' plus thrown. Final Characteristics: Your strength was 8 (peak:10, limit:18/100). Your dexterity was 12 (limit:18). Your constitution was 15 (limit:18). Your intelligence was 18 (limit:18). Your wisdom was 10 (limit:18). Your charisma was 12 (limit:18). Final Status: You were not hungry. You were unencumbered. You were bare handed. You were unskilled in bare handed combat. You were not wearing any armor. Final Attributes: You were devoutly aligned. You were level-drain resistant. You were telepathic. You were a wererat. You were harmed by silver. You are dead. Miscellaneous: You never encountered a bones level. Total elapsed playing time was 15 minutes and 22 seconds. Vanquished creatures: 2 gnome leaders a floating eye 6 dwarves 2 hill orcs a wererat 3 hobbits 2 giant rats a yellow mold 22 gnomes a gnome zombie a gecko 4 jackals a fox 4 sewer rats 2 lichens a kobold zombie 6 newts 60 creatures vanquished. No species were genocided or became extinct. Voluntary challenges: You were an atheist. You were illiterate. You never genocided any monsters. You never polymorphed an object. You never touched an artifact. You used no wishes. You never owned a pet. You never scared an enemy with impunity. You were celibate. You never generated conflict. Achievements: You entered a shop. You entered the Gnomish Mines. You attained the rank of Conjurer. You entered Minetown. The Dungeons of Doom: levels 1 to 3 Level 1: A tree. Level 2: A fountain, a tree. Level 3: A scroll shop. Stairs down to The Gnomish Mines. The Gnomish Mines: levels 4 to 7 Level 4: Level 5: Level 6: Level 7: <- You were here. An altar, a fountain. Final resting place for you, killed by a hill orc called Rukairuku of Baneu-unog. Game over: __________ / \ / REST \ / IN \ / PEACE \ / \ | nmlkj | | 0 Au | | killed by a hill | | orc called | | Rukairuku of | | Baneu-unog | | 2022 | *| * * * | * _________)/\\_//(\/(/\)/\//\/|_)_______ Goodbye nmlkj the Wizard... You died in The Gnomish Mines on dungeon level 7 with 1552 points, and 0 pieces of gold, after 1524 moves. You were level 5 with a maximum of 42 hit points when you died.